 Dungeon Crawl Stone Soup version 0.16.1-11-g651b585 (webtiles) character file.

17696 Magnus the Blocker (level 12, 0/110 HPs)
             Began as a Formicid Fighter on Mar 31, 2015.
             Was a High Priest of Ru.
             Slain by a 13-headed hydra (1 damage)
             ... on level 4 of the Lair of Beasts.
             The game lasted 01:58:27 (12370 turns).

Magnus the Blocker (Formicid Fighter)              Turns: 12370, Time: 01:58:29

Health: 0/110      AC: 15    Str: 25    XL:     12   Next: 85%
Magic:  5/5        EV: 10    Int:  9    God:    Ru [*****.]
Gold:   713        SH: 13    Dex: 13    Spells: 0 memorised, 11 levels left

rFire  . . .     SeeInvis +     F - +3 battleaxe (antimagic)
rCold  . . .     Clarity  .     l - +0 chain mail
rNeg   . . .     SustAb   .     c - +0 shield
rPois  +         Gourm    .     (helmet unavailable)
rElec  .         Spirit   .     I - +0 cloak
rCorr  .         Warding  .     L - +1 pair of gloves {Dex+3}
rMut   .         Stasis   +     (no boots)
MR     +....                    (no amulet)
Stlth  ..........               R - ring of poison resistance
                                (no ring)

@: exhausted, no scrolls, drained, somewhat resistant to hostile enchantments,
extremely unstealthy
A: permanent stasis, dig shafts and tunnels, four strong arms, antennae 3,
repulsion field 1, robust 1, inability to read while threatened, no stealth,
inability to use devices
a: Dig, Shaft Self, Sacrifice Nimbleness, Sacrifice Skill, Sacrifice Experience,
Reject Sacrifices, Draw Out Power, Power Leap, Apocalypse, Renounce Religion


You were on level 4 of the Lair of Beasts.
You worshipped Ru.
Ru was extremely pleased with you.
You were hungry.

You visited 2 branches of the dungeon, and saw 13 of its levels.

You collected 773 gold pieces.
You spent 60 gold pieces at shops.

Inventory:

Hand weapons
 a - a +1 war axe
 o - a +2 battleaxe of freezing
 F - a +3 antimagic battleaxe (weapon)
Armour
 c - a +0 shield (worn)
 j - a +0 pair of gloves
 l - a +0 chain mail (worn)
 t - a +0 plate armour
 I - a +0 cloak (worn)
 L - a +1 pair of gloves of dexterity (worn)
Jewellery
 b - an uncursed amulet of faith
 g - an uncursed amulet of regeneration
 u - an uncursed ring of protection from fire
 R - a ring of poison resistance (right hand)
Scrolls
 h - 2 scrolls of teleportation
 m - 4 scrolls of identify
 q - 2 scrolls of enchant weapon
 r - a scroll of random uselessness
 s - 2 scrolls of magic mapping
 w - 2 scrolls of remove curse
 D - a scroll of recharging
 P - a scroll of enchant armour {unknown}
 Q - 2 scrolls of blinking {unknown}
Potions
 e - 3 potions of might
 f - 6 potions of curing
 k - a potion of brilliance {unknown}
 n - a potion of restore abilities
 B - a potion of heal wounds
 C - a potion of cancellation
 G - a potion of haste {unknown}
 K - a potion of berserk rage {unknown}
 M - a potion of agility {unknown}
 O - a potion of invisibility
Books
 v - a book of Changes

   Spells                             Type                      Level
   a - Beastly Appendage              Transmutation                1
   b - Sticks to Snakes               Transmutation                2
   c - Spider Form                    Transmutation/Poison         3
   d - Ice Form                       Ice/Transmutation            4
   e - Blade Hands                    Transmutation                5
 y - Kikubaaqudgha's Collected Works on Evil
   (You found it on level 6 of the Dungeon)

   Spells                             Type                      Level
   a - Pain                           Necromancy                   1
 z - Vehumet's Guide on Confrontation
   (You found it on level 6 of the Dungeon)

   Spells                             Type                      Level
   a - Magic Dart                     Conjuration                  1
 A - Sif Muna's Grimoire of Attacks
   (You found it on level 6 of the Dungeon)

   Spells                             Type                      Level
   a - Flame Tongue                   Conjuration/Fire             1
 H - a book of Clouds

   Spells                             Type                      Level
   a - Mephitic Cloud                 Conjuration/Poison/Air       3
   b - Conjure Flame                  Conjuration/Fire             3
   c - Poisonous Cloud                Conjuration/Poison/Air       6
   d - Freezing Cloud                 Conjuration/Ice/Air          6
   e - Ring of Flames                 Charms/Fire                  7
Comestibles
 d - a bread ration
 i - 28 fruits
 p - a meat ration
 x - a beef jerky
 E - a slice of pizza


   Skills:
 + Level 11.5(11.1) Fighting
 + Level 10.6(10.2) Axes
 + Level 11.3(10.9) Armour
 + Level 12.2(11.7) Shields


You had 11 spell levels left.
You didn't know any spells.

Dungeon Overview and Level Annotations

Branches:
Dungeon (8/15)             Temple (0/1) D:4            Lair (5/8) D:8
  Swamp (0/5) Lair:3
  Snake: Lair:3-6    Spider: Lair:3-6

Altars:
Cheibriados
Dithmenos
Elyvilon
Kikubaaqudgha
Makhleb
Nemelex Xobeh
Okawaru
Qazlal
Ru
Sif Muna
Vehumet
Xom

Shops:
D:6 !

Annotations:
Lair:4 exclusion: ice statue


Innate Abilities, Weirdness & Mutations

You are under a permanent stasis effect.
You can dig through walls and to a lower floor.
Your four strong arms can wield two-handed weapons with a shield.
You have a pair of large antennae on your head (SInv).
You cannot read scrolls while threatened.
You cannot be stealthy.
You cannot study or use magical devices.
You are surrounded by a mild repulsion field (EV +2).
You are robust (+10% HP).


Message History

The 13-headed hydra barely misses you.
The 13-headed hydra bites you but does no damage.
The 13-headed hydra bites you.
* * * LOW HITPOINT WARNING * * *
The 13-headed hydra misses you.
The 13-headed hydra bites you but does no damage.
The 13-headed hydra bites you.
* * * LOW HITPOINT WARNING * * *
The 13-headed hydra bites you.
* * * LOW HITPOINT WARNING * * *
The 13-headed hydra completely misses you.
The 13-headed hydra barely misses you.
The 13-headed hydra bites you but does no damage.
The 13-headed hydra bites you.
* * * LOW HITPOINT WARNING * * *
The 13-headed hydra bites you!
* * * LOW HITPOINT WARNING * * *
You focus your will and blind the 13-headed hydra in retribution!
The 13-headed hydra barely misses you. The 13-headed hydra bites you.
You die...

.........#.#.#..............##
.......##...(.......####.#...#
.........#.#.#..............##
.....P.#........#.P#....P...##
.........#.#.#..............P#
.....#.##........###.P.#....##
.........#.#.#...............#
..#.##......................##
.........#.#.#.D@..........[#
..####...........>..........#
.........#.#.#..............##
#.........<......##..........#
.........#.#.#..............##
P.#.#.#.........#...#.##..#.#
#..#.##..#.#.##..#.##.#.....##
...........................P.#
##.......#.#.#.#.P#.##P.##P..#


You could see a 13-headed hydra (blind).

Vanquished Creatures
  Maud (Lair:3)
  Harold (Lair:3)
  Pikel (D:4)
  2 black mambas
  A centaur skeleton (D:8)
  6 spiny frogs
  2 fire drakes
  2 komodo dragons (Lair:3)
  A polar bear (Lair:2)
  Grinder (D:4)
  7 blink frogs
  3 wyverns
  4 hippogriffs
  10 yaks
  2 insubstantial wisps (Lair:3)
  12 wolves
  6 water moccasins
  A necrophage (D:7)
  12 ice beasts
  2 orc warriors (D:7)
  3 phantoms
  5 porcupines
  8 crocodiles
  Sigmund (D:5)
  A big kobold (D:7)
  2 centaurs
  4 giant frogs
  A scorpion (D:6)
  4 killer bees (D:8)
  4 crimson imps
  A lava snake (Lair:2)
  A goliath beetle (D:6)
  3 jellies
  2 orc wizards
  3 giant frog skeletons
  5 hounds
  5 iguanas
  16 sheep (Lair:3)
  3 worker ants
  Ijyb (D:2)
  A hound skeleton (D:4)
  15 river rats (Lair:1)
  21 adders
  3 shadow imps
  A white imp (Lair:4)
  A giant mite (D:5)
  2 worms (D:2)
  7 giant geckos
  3 oozes
  14 orcs
  3 giant cockroaches
  11 goblins
  11 hobgoblins
  10 jackals
  20 kobolds
  9 quokkas
  A ball python (D:2)
  14 bats
  4 giant newts
  2 quokka skeletons
  22 rats
  4 fungi
  2 plants (Lair:3)
331 creatures vanquished.

Vanquished Creatures (others)
  A hydra (Lair:2)
  Edmund (D:8)
  A water moccasin (Lair:4)
  A slave (D:4)
  A big kobold (D:7)
  A scorpion (D:4)
  A goblin (D:7)
  A giant spore (D:8)
8 creatures vanquished.

Grand Total: 339 creatures vanquished

Notes
Turn   | Place    | Note
--------------------------------------------------------------
     0 | D:1      | Magnus, the Formicid Fighter, began the quest for the Orb.
     0 | D:1      | Reached XP level 1. HP: 18/18 MP: 1/1
    41 | D:1      | Reached XP level 2. HP: 21/24 MP: 3/3
   259 | D:1      | Reached XP level 3. HP: 21/29 MP: 4/4
   506 | D:2      | Found an iron altar of Okawaru.
   520 | D:2      | Found a sacrificial altar of Ru.
   530 | D:2      | Found a shadowy altar of Dithmenos.
   533 | D:2      | Found a stormy altar of Qazlal.
   548 | D:2      | Became a worshipper of Ru the Awakened
   663 | D:2      | Reached skill level 4 in Armour
   663 | D:2      | Reached XP level 4. HP: 32/37 MP: 5/5
   837 | D:2      | Noticed Ijyb
   857 | D:2      | Killed Ijyb
   931 | D:2      | Reached XP level 5. HP: 35/42 MP: 7/7
  1387 | D:3      | Gained mutation: You cannot be stealthy. [Ru sacrifice]
  1671 | D:3      | Reached XP level 6. HP: 49/49 MP: 8/8
  1704 | D:3      | Found a shimmering altar of Xom.
  1705 | D:3      | Found a burning altar of Makhleb.
  1712 | D:3      | Reached skill level 5 in Shields
  1895 | D:4      | Got a polished ring mail
  1991 | D:4      | Gained mutation: You are robust (+10% HP). [potion of beneficial mutation]
  2126 | D:4      | Found a staircase to the Ecumenical Temple.
  2214 | D:4      | Noticed Pikel
  2214 | D:4      | Noticed a slave
  2229 | D:4      | Noticed a slave
  2230 | D:4      | Noticed a slave
  2244 | D:4      | Noticed a slave
  2253 | D:4      | Killed Pikel
  2253 | D:4      | Reached skill level 5 in Fighting
  2253 | D:4      | Reached skill level 5 in Armour
  2253 | D:4      | Reached skill level 6 in Shields
  2253 | D:4      | Reached XP level 7. HP: 43/61 MP: 9/9
  2336 | D:4      | Reached XP level 8. HP: 57/69 MP: 11/11
  2630 | D:5      | Entered Level 5 of the Dungeon
  2634 | D:5      | Noticed Grinder
  2646 | D:5      | Noticed Sigmund
  2701 | D:4      | Killed Grinder
  2701 | D:4      | Reached skill level 5 in Axes
  2758 | D:4      | Killed a freed slave
  2842 | D:5      | Killed Sigmund
  3021 | D:5      | Found a white marble altar of Elyvilon.
  3382 | D:5      | Reached skill level 7 in Shields
  3624 | D:6      | Found an ancient bone altar of Kikubaaqudgha.
  3628 | D:6      | Identified Kikubaaqudgha's Collected Works on Evil
  3632 | D:6      | Found a radiant altar of Vehumet.
  3636 | D:6      | Identified Vehumet's Guide on Confrontation
  3640 | D:6      | Found a deep blue altar of Sif Muna.
  3644 | D:6      | Identified Sif Muna's Grimoire of Attacks
  3680 | D:6      | Gained mutation: You cannot read scrolls while threatened. [Ru sacrifice]
  3680 | D:6      | Acquired Ru's first power
  3680 | D:6      | Acquired Ru's second power
  3716 | D:6      | Reached XP level 9. HP: 73/78 MP: 12/12
  4303 | D:6      | Gained mutation: You are surrounded by a mild repulsion field (EV +2). [potion of beneficial mutation]
  4327 | D:6      | Found a stormy altar of Qazlal.
  4496 | D:6      | Found Jaeffuoq's Distillery.
  4519 | D:6      | Bought a potion of heal wounds for 60 gold pieces
  5501 | D:7      | Reached skill level 8 in Shields
  5514 | D:7      | Found a snail-covered altar of Cheibriados.
  5854 | D:8      | Found a sparkling altar of Nemelex Xobeh.
  5869 | D:8      | Found a staircase to the Lair.
  6031 | D:8      | Noticed a centaur skeleton
  6055 | D:8      | Killed a centaur skeleton
  6055 | D:8      | Reached XP level 10. HP: 83/88 MP: 13/13
  6282 | D:8      | Reached skill level 9 in Shields
  6388 | D:8      | Gained mutation: You cannot study or use magical devices. [Ru sacrifice]
  6388 | D:8      | Acquired Ru's third power
  6388 | D:8      | Acquired Ru's fourth power
  6388 | D:8      | Acquired Ru's fifth power
  6491 | D:8      | Noticed Edmund
  6510 | D:8      | Killed Edmund
  6769 | D:8      | Identified a scroll of acquirement
  6902 | Lair:1   | Entered Level 1 of the Lair of Beasts
  6918 | Lair:1   | Noticed a spiny frog
  6928 | Lair:1   | Killed a spiny frog
  8212 | Lair:2   | Noticed a four-headed hydra
  8229 | Lair:2   | Killed a ten-headed hydra
  8229 | Lair:2   | Reached skill level 10 in Shields
  8229 | Lair:2   | Reached XP level 11. HP: 40/97 MP: 5/15
  8880 | Lair:2   | Noticed a black mamba
  8889 | Lair:2   | Killed a black mamba
  9425 | Lair:3   | Reached skill level 10 in Fighting
  9432 | Lair:3   | Reached skill level 10 in Armour
  9744 | Lair:3   | Reached skill level 11 in Shields
 10273 | Lair:3   | Reached XP level 12. HP: 92/107 MP: 5/16
 10306 | Lair:3   | Noticed Maud
 10328 | Lair:3   | Killed Maud
 10550 | Lair:3   | Reached skill level 10 in Axes
 10989 | Lair:3   | Found a staircase to the Swamp.
 11015 | Lair:3   | Noticed Harold
 11058 | Lair:3   | Killed Harold
 11246 | Lair:3   | Found a radiant altar of Vehumet.
 11370 | Lair:4   | Found a burning altar of Makhleb.
 11644 | Lair:4   | Reached skill level 12 in Shields
 12183 | Lair:5   | Noticed a five-headed hydra
 12370 | Lair:4   | HP: 1/110 [13-headed hydra (7)]
 12370 | Lair:4   | Slain by a 13-headed hydra

Action                   |  1- 3 |  4- 6 |  7- 9 | 10-12 || total
-------------------------+-------+-------+-------+-------++-------
Melee: War axe           |    87 |   233 |   371 |    90 ||   781
       Battleaxe         |       |       |       |   504 ||   504
Invok: Sacrifice Stealth |       |     1 |       |       ||     1
       Sacrifice Words   |       |       |     1 |       ||     1
       Sacrifice Artific |       |       |       |     1 ||     1
       Draw Out Power    |       |       |       |     1 ||     1
  Use: Scroll            |     1 |     1 |    13 |     9 ||    24
       Potion            |       |    10 |     1 |     2 ||    13
 Stab: Invisible         |       |     1 |       |     7 ||     8
       Distracted        |       |       |     1 |     2 ||     3
       Paralysed         |       |       |       |     2 ||     2
  Eat: Chunk             |       |     3 |     4 |     9 ||    16
       Pizza             |       |     1 |       |       ||     1
       Bread ration      |       |       |     2 |     2 ||     4
       Fruit             |       |       |       |     4 ||     4
